 Dungeon Crawl Stone Soup version 0.29.1-13-g9f3cf754e1 (webtiles) character file.

Game seed: 3200284947812325147

64295 Atlar the Covert (level 14, 61/61 HPs)
             Began as a Felid Necromancer on Feb 6, 2023.
             Was an Elder of Kikubaaqudgha.
             Quit the game on level 13 of the Dungeon on Feb 7, 2023.
             The game lasted 03:52:43 (24706 turns).

Atlar the Covert (Felid Necromancer)               Turns: 24706, Time: 03:52:44

Health: 61/61      AC:  3    Str:  4    XL:     14   Next: 71%
Magic:  30/30      EV: 26    Int: 19    God:    Kikubaaqudgha [****..]
Gold:   1373       SH:  0    Dex: 19    Spells: 5/36 levels left
                                        Lives:  2   Deaths: 0

rFire   + . .      SeeInvis +     - Unarmed
rCold   + + .      Faith    .   (shield unavailable)
rNeg    . . .      Spirit   .   (body armour unavailable)
rPois   .          Reflect  .   (helmet unavailable)
rElec   .          Harm     .   (cloak unavailable)
rCorr   .          Rampage  .   (gloves unavailable)
Will    ++...                   (boots unavailable)
Stlth   +++++.....              j - amulet of magic regeneration
HPRegen 0.20/turn               i - ring of protection from fire
MPRegen 0.62/turn               g - ring of protection from cold

@: studying Stealth, quick
A: very small, claws 1, fangs 3, see invisible, speed 1, shaggy fur 3, stealthy
paws, no weapons or thrown items, no armour, multi-lived
a: Renounce Religion, Unearth Wretches


You were on level 13 of the Dungeon.
You worshipped Kikubaaqudgha.
Kikubaaqudgha was greatly pleased with you.
You visited 4 branches of the dungeon, and saw 21 of its levels.
You also visited: Bailey.

You collected 1730 gold pieces.
You spent 357 gold pieces at shops.

Inventory:

Jewellery
 g - a ring of protection from cold (right paw)
 h - an amulet of guardian spirit
 i - a ring of protection from fire (left paw)
 j - an amulet of magic regeneration (around neck)
 u - a +4 ring of protection
 w - a +4 ring of protection
 C - a +6 ring of strength
 H - a ring of protection from fire
 K - a ring of ice
 Q - an amulet of faith
 R - a ring of resist corrosion
Wands
 b - a wand of roots (11)
 z - a wand of paralysis (12)
 B - a wand of flame (43)
 I - a wand of polymorph (3)
 L - a wand of mindburst (7)
 S - a wand of light (1)
Scrolls
 c - 4 scrolls of enchant armour
 d - 3 scrolls of vulnerability
 f - 3 scrolls of enchant weapon
 k - a scroll of fear
 m - 6 scrolls of immolation
 p - a scroll of magic mapping
 q - a scroll of poison
 r - 3 scrolls of noise
 t - 5 scrolls of butterflies
 y - 5 scrolls of teleportation
 E - 2 scrolls of blinking
 G - a scroll of silence
 J - a scroll of amnesia
 O - a scroll of acquirement {unknown}
 P - a scroll of summoning
Potions
 a - a potion of magic
 e - 2 potions of cancellation
 l - 3 potions of curing
 n - 2 potions of mutation
 s - 2 potions of flight
 v - 2 potions of resistance
 x - a potion of heal wounds
 A - a potion of ambrosia
 D - 6 potions of might
 F - 2 potions of brilliance
Miscellaneous
 N - a condenser vane


   Skills:
 - Level 7.6 Fighting
 - Level 12.1 Dodging
 - Level 12.9 Stealth
 - Level 3.0 Unarmed Combat
 - Level 11.9 Spellcasting
 - Level 5.8 Conjurations
 - Level 3.0 Hexes
 - Level 12.1 Necromancy
 - Level 5.7 Transmutations
 * Level 6.8 Ice Magic
 - Level 7.4 Earth Magic
 - Level 6.0 Evocations


You had 5 spell levels left.
You knew the following spells:

 Your Spells              Type           Power      Damage    Failure   Level
a - Necrotise             Necr           100%       1d9       1%          1
b - Sandblast             Erth           78%        2d17      1%          1
c - Iskenderun's Battles  Conj           33%        2d9       16%         5
d - Slow                  Hex            88%        N/A       1%          1
e - Stone Arrow           Conj/Erth      72%        3d11      1%          3
f - Animate Dead          Necr           55%        N/A       1%          4
g - Petrify               Tmut/Erth      36%        N/A       4%          4
h - Death Channel         Necr           27%        N/A       6%          6
i - Simulacrum            Ice/Necr       23%        N/A       19%         6

Your spell library contained the following spells:

 Spells                   Type           Power      Damage    Failure   Level
 Foxfire                  Conj/Fire      88%        2x1d8     1%          1
 Passwall                 Tmut/Erth      30%        N/A       1%          2
 Sublimation of Blood     Necr           55%        N/A       1%          2
 Vampiric Draining        Necr           55%        2d9       1%          3
 Dispel Undead            Necr           55%        3d20      1%          4
 Agony                    Necr           55%        N/A       1%          5
 Confusing Touch          Hex            22%        N/A       5%          3
 Apportation              Tloc           22%        N/A       6%          1
 Corpse Rot               Necr/Pois/Air  26%        N/A       12%         4
 Summon Ice Beast         Ice/Summ       24%        N/A       16%         4
 Irradiate                Conj/Tmut      16%        3d17      16%         5
 Gell's Gravitas          Tloc           11%        N/A       19%         3
 Teleport Other           Tloc           11%        N/A       19%         3
 Summon Mana Viper        Hex/Summ       17%        N/A       65%         5
 Orb of Destruction       Conj           16%        9d7       99%         7
 Dispersal                Tloc           5%         N/A       100%        6
 Monstrous Menagerie      Summ           5%         N/A       100%        7
 Lehudib's Crystal Spear  Conj/Erth      18%        10d5      100%        8
 Animate Armour           Summ/Erth      Unusable   N/A       N/A         4

Dungeon Overview and Level Annotations

Branches:
Dungeon (13/15)            Temple (1/1) D:5            Lair (5/5) D:9
 Shoals (0/4) Lair:3       Spider (0/4) Lair:3        Slime (0/5) Lair:5
    Orc (2/2) D:10            Elf (0/3) Orc:2        Vaults (0/5) D:13
 Bailey (visited)

Altars:
Ashenzari
Cheibriados
Dithmenos
Elyvilon
Fedhas
Gozag
Hepliaklqana
Kikubaaqudgha
Makhleb
Nemelex Xobeh
Okawaru
Qazlal
Ru
Sif Muna
Trog
Uskayaw
Vehumet
Wu Jian
Xom
Yredelemnul
Zin
The Shining One
Jiyva

Shops:
D:1 [   D:9 ?   Orc:1 =![:   Orc:2 *((*

Annotations:
D:7 2 runed translucent doors, solar's ghost, novice GrFi
D:11 Urug
D:12 Frances
D:13 Jorgrun
Lair:2 Gastronok


Innate Abilities, Weirdness & Mutations

You have sharp claws.
You have razor-sharp teeth.
You have supernaturally acute eyesight. (SInv)
You cover ground quickly. (Speed+)
Your thick and shaggy fur keeps you warm. (AC +3, rC+)
Your paws help you pounce on unaware monsters.
You are incapable of wielding weapons or throwing items.
You cannot wear armour.
You gain extra lives every three experience levels.


Message History

Your manticore zombie claws the slime creature! x2
The slime creature dies!
Kikubaaqudgha accepts your kill. What are your orders? t - Meow!
Orders for allies: a - Attack new target. r - Retreat! s - Stop attacking. g - Guard the area. f - Follow me.
Anything else - Cancel.
Gang up on whom?
Press: ? - help, Dir - move target, f - slime creature
Aim: a slime creature (ally target) Attack!
Your orc knight zombie hits the slime creature.
Your manticore zombie bites the slime creature!
Your manticore zombie claws the slime creature but does no damage.
Your manticore zombie claws the slime creature.
Your deep elf pyromancer zombie hits the slime creature.
The slime creature hits your manticore zombie!
Your orc knight zombie hits the slime creature but does no damage.
The slime creature hits your orc knight zombie.
Your orc knight zombie is destroyed!
Your deep elf pyromancer zombie hits the slime creature.
The slime creature quivers.
Your manticore zombie barely misses the slime creature.
Your manticore zombie claws the slime creature.
Your manticore zombie claws the slime creature!
The slime creature hits your manticore zombie!
Your manticore zombie bites the slime creature!!
Your manticore zombie claws the slime creature!
The slime creature dies!
Kikubaaqudgha accepts your kill.
There is a stone staircase leading up here.
There is a stone staircase leading down here.
There is a stone staircase leading up here.
Jorgrun Earthshaker comes into view.
He is wielding a +0 vorpal quarterstaff and wearing a +1 robe of willpower.
There is a stone staircase leading up here.
Are you sure you want to abandon this character and quit the game? (Confirm with "yes".)
Okay, then.
Are you sure you want to abandon this character and quit the game? (Confirm with "yes".)

##.##### #......
#......#####....<∩
##.........ZZZ..ZZ<
#####.........###......
#.....#######..##......
#####.## ##.##......
#..# ..^...... #..#
##....... #.@# ########
#..## ##..# #..# #..#
#..# ##.# # #.. # #...
#


There were no monsters in sight!

Vanquished Creatures
  A hydra (Lair:4)
  A centaur warrior (D:13)
  A two-headed ogre (D:13)
  A tengu warrior (D:13)
  A skeletal warrior (D:12)
  5 orc knights
  A lindwurm (Lair:5)
  20 elephants
  4 black mambas
  3 gargoyles (D:7)
  6 cane toads
  An unseen horror (D:12)
  2 rime drakes (Lair:4)
  Maggie (D:7)
  A kobold demonologist (D:10)
  3 komodo dragons
  4 trolls
  A polar bear (Lair:1)
  6 blink frogs
  A snapping turtle (Lair:3)
  A slime creature (D:12)
  A vampire (D:11)
  24 yaks
  5 wyverns
  A wraith (D:10)
  2 shadows
  8 humans (D:13)
  A basilisk (Lair:3)
  3 steam dragons
  6 wargs
  12 water moccasins
  Duvessa (D:4)
  An acid dragon (D:10)
  A swamp drake (D:10)
  32 orc warriors
  2 orc zombies (D:13)
  An ice beast (D:8)
  5 black bears
  2 sky beasts
  6 ogres
  4 wolves
  4 centaurs
  A kobold brigand (D:8)
  9 bullfrogs
  A necrophage (D:6)
  A scorpion (D:6)
  14 wights
  2 howler monkeys (D:9)
  2 hounds
  2 jellies
  8 orc priests
  6 iguanas
  14 orc wizards
  Robin (D:2)
  9 adders
  A white imp (D:5)
  An ufetubus (D:4)
  2 worms
  6 dart slugs
  89 orcs
  12 ball pythons
  6 endoplasms
  6 giant cockroaches
  15 goblins
  8 hobgoblins
  6 jackals
  4 quokkas
  7 bats
  6 frilled lizards
  7 kobolds
  6 rats
439 creatures vanquished.

Vanquished Creatures (collateral kills)
  A dire elephant (Lair:4)
  Fannar (Lair:2)
  A catoblepas (Lair:4)
  10 death yaks
  2 orc knights
  A manticore (D:11)
  An ugly thing (D:11)
  A cyclops (D:11)
  25 elephants
  A black mamba (Lair:3)
  3 rime drakes
  4 cane toads
  2 torpor snails
  A polar bear (Lair:1)
  7 dream sheep (Lair:4)
  10 blink frogs
  2 slime creatures (D:13)
  A spriggan (Lair:4)
  A wyvern (Lair:1)
  A water elemental (D:13)
  9 yaks
  7 humans (D:13)
  An ogre zombie (D:13)
  A warg (Orc:2)
  4 water moccasins
  8 orc warriors (Orc:2)
  A black bear (Lair:5)
  A sky beast (D:7)
  8 wolves
  3 bullfrogs
  Dowan (D:4)
  2 orc priests
  6 orc wizards
  An adder (D:4)
  15 orcs
  A goblin (D:1)
  3 ball pythons
148 creatures vanquished.

Vanquished Creatures (others)
  A hydra (Lair:4)
  An ogre mage (D:13)
  A death yak (Lair:4)
  2 deep elf pyromancers (D:13)
  2 manticores (D:13)
  An elephant (Lair:5)
  A black mamba (Lair:4)
  A cane toad (Lair:4)
  2 death yak zombies (Lair:4)
  A komodo dragon (Lair:5)
  A hydra zombie (Lair:4)
  A meliai (D:13)
  A blink frog (Lair:5)
  A meliai zombie (D:13)
  2 black mamba zombies
  A yak (Lair:5)
  A basilisk (Lair:5)
  3 cane toad zombies (Lair:4)
  A two-headed ogre zombie (D:13)
  3 water moccasins (Lair:5)
  2 manticore zombies
  14 elephant zombies
  An orc warrior (Orc:2)
  3 dream sheep zombies (Lair:4)
  An elf zombie (D:13)
  An ogre (Orc:2)
  5 blink frog zombies
  2 rime drake zombies (Lair:4)
  A bullfrog (D:13)
  A komodo dragon zombie (Lair:5)
  A wyvern zombie (D:7)
  6 water moccasin zombies
  15 yak zombies
  2 warg zombies (Orc:2)
  2 troll zombies
  8 wolf zombies
  A basilisk zombie (Lair:5)
  A human zombie (D:13)
  2 bullfrog zombies
  2 orc priests (Orc:2)
  2 ogre zombies
  A hound zombie (D:13)
  A steam dragon zombie (Lair:4)
  An orc (D:13)
  46 orc zombies
  112 fungi
  123 plants
  7 withered plants (D:8)
392 creatures vanquished.

Grand Total: 979 creatures vanquished

Notes
Turn   | Place    | Note
-------+----------+-------------------------------------------
     0 | D:1      | Atlar the Felid Necromancer began the quest for the Orb.
     0 | D:1      | Reached XP level 1. HP: 7/7 MP: 4/4
    42 | D:1      | Found Tierghuvu's Armour Emporium.
   158 | D:1      | Reached XP level 2. HP: 11/11 MP: 1/6
   732 | D:1      | Learned a level 1 spell: Sandblast
   857 | D:1      | Reached XP level 3. HP: 14/14 MP: 4/7
  1161 | D:1      | Learned a level 3 spell: Vampiric Draining
  1163 | D:1      | Learned a level 1 spell: Slow
  1231 | D:1      | Found a faded altar of an unknown god.
  1610 | D:2      | Reached skill level 1 in Hexes
  2296 | D:2      | Noticed Robin
  2315 | D:2      | Reached XP level 4. HP: 8/18 MP: 4/8
  2536 | D:2      | Reached skill level 1 in Earth Magic
  2652 | D:2      | Killed Robin
  3214 | D:3      | Reached XP level 5. HP: 16/21 MP: 0/9
  3390 | D:3      | Found an iron altar of Okawaru.
  3661 | D:3      | Noticed a +0 dagger
  3673 | D:3      | Found a hide-covered altar of Uskayaw.
  3674 | D:3      | Noticed a +0 hand axe
  3747 | D:3      | Found a stormy altar of Qazlal.
  3747 | D:3      | Found a shadowy altar of Dithmenos.
  4037 | D:4      | Noticed an ogre
  4078 | D:4      | Noticed Duvessa
  4078 | D:4      | Noticed Dowan
  4078 | D:4      | Found a shimmering altar of Xom.
  4656 | D:4      | Noticed a black bear
  4672 | D:5      | Entered Level 5 of the Dungeon
  4774 | D:5      | Found a staircase to the Ecumenical Temple.
  4808 | Temple   | Entered the Ecumenical Temple
  5070 | D:5      | Identified the +6 whip of Disgust {vamp, rPois Dex+2}
  5363 | D:5      | Gained mutation: You are covered in thick fur. (AC +2)
                  | [Felid growth]
  5363 | D:5      | Reached XP level 6. HP: 24/24 MP: 7/11
  5670 | D:5      | Found a hazy altar of Hepliaklqana.
  5863 | D:4      | Found an opulent altar of Gozag.
  5966 | D:4      | Reached skill level 5 in Necromancy
  5970 | D:4      | Learned a level 3 spell: Stone Arrow
  6098 | D:4      | Killed Dowan
  6099 | D:4      | Reached XP level 7. HP: 19/27 MP: 7/13
  6234 | D:4      | Killed Duvessa
  6333 | D:4      | Reached skill level 1 in Conjurations
  6710 | D:6      | Learned a level 4 spell: Animate Dead
  6799 | D:6      | Reached XP level 8. HP: 31/31 MP: 8/15
  6839 | D:6      | Found a white marble altar of Elyvilon.
  7125 | D:6      | Reached skill level 5 in Earth Magic
  7543 | D:7      | Noticed Maggie
  7737 | D:7      | Noticed a gargoyle
  8062 | D:7      | Found a large runed translucent door.
  8063 | D:7      | Found a large runed translucent door.
  8068 | D:7      | Noticed solar's ghost (novice GrFi)
  8152 | D:7      | Killed Maggie
  8153 | D:7      | Reached XP level 9. HP: 34/34 MP: 2/17
  8273 | D:7      | Reached skill level 1 in Fighting
  8298 | D:7      | Killed a gargoyle
  8299 | D:7      | Reached skill level 5 in Dodging
  8318 | D:7      | Noticed a gargoyle
  8322 | D:7      | Noticed a gargoyle
  8523 | D:7      | Killed a gargoyle
  8595 | D:7      | Killed a gargoyle
  8626 | D:7      | Noticed a gargoyle
  8627 | D:7      | Noticed a gargoyle
  8786 | D:8      | Learned a level 4 spell: Petrify
  9076 | D:8      | Reached skill level 5 in Spellcasting
  9076 | D:8      | Reached skill level 1 in Transmutations
  9089 | D:8      | Found a bloodstained altar of Trog.
  9294 | D:8      | Found an ancient bone altar of Kikubaaqudgha.
  9294 | D:8      | Found a blossoming altar of Fedhas.
  9337 | D:8      | Reached XP level 10. HP: 43/43 MP: 10/19
 10037 | D:9      | Identified the +8 war axe "Eliopuf" {pain, Fragile rPois
                  | Dex+2 Stlth+}
 10068 | D:9      | Found a glowing golden altar of the Shining One.
 10164 | D:8      | Became a worshipper of Kikubaaqudgha
 10206 | D:9      | Found a staircase to the Lair.
 10233 | D:9      | Found a flagged portal.
 10262 | Bailey   | Entered a bailey
 10380 | Bailey   | Noticed an orc knight
 10388 | Bailey   | Reached * piety under Kikubaaqudgha
 10388 | Bailey   | Received a gift from Kikubaaqudgha
 10499 | D:9      | Identified the +8 halberd "Zuv Dus Mawn" {drain, Will+}
 10554 | D:9      | Found Samiat's Magic Scroll Emporium.
 10578 | D:9      | Bought a scroll of blinking for 120 gold pieces
 10578 | D:9      | Bought a scroll of magic mapping for 120 gold pieces
 10908 | D:9      | Found a shimmering blue altar of Sif Muna.
 10940 | D:10     | Entered Level 10 of the Dungeon
 11470 | D:10     | Reached skill level 5 in Stealth
 11686 | D:10     | Reached skill level 10 in Stealth
 11835 | D:10     | Reached skill level 1 in Evocations
 11949 | D:10     | Found a staircase to the Orcish Mines.
 11952 | D:10     | Reached ** piety under Kikubaaqudgha
 12087 | D:10     | Found a basalt altar of Yredelemnul.
 12352 | D:11     | Noticed a manticore
 12385 | Lair:1   | Entered Level 1 of the Lair of Beasts
 12403 | Lair:1   | Reached XP level 11. HP: 46/46 MP: 11/21
 12484 | Lair:1   | Reached skill level 5 in Evocations
 13586 | Lair:2   | You fall into a shaft and drop 1 floor!
 13889 | Lair:2   | Reached skill level 5 in Transmutations
 13925 | Lair:2   | Noticed Fannar
 13938 | Lair:2   | Killed Fannar
 14067 | Lair:2   | Noticed Gastronok
 14314 | Lair:3   | Found a hole to the Spider Nest.
 14373 | Lair:3   | Reached skill level 5 in Fighting
 14380 | Lair:3   | Reached skill level 1 in Unarmed Combat
 14526 | Lair:3   | Reached *** piety under Kikubaaqudgha
 14526 | Lair:3   | Received a gift from Kikubaaqudgha
 14582 | Lair:3   | Gained mutation: Your thick and shaggy fur keeps you warm.
                  | (AC +3, rC+) [Felid growth]
 14582 | Lair:3   | Reached XP level 12. HP: 52/52 MP: 4/24
 15239 | Lair:3   | Found a staircase to the Shoals.
 15258 | Lair:3   | Reached skill level 10 in Dodging
 15542 | Lair:4   | Noticed a catoblepas
 15736 | Orc:1    | Entered Level 1 of the Orcish Mines
 15748 | Orc:1    | Found Yjugrif's Jewellery Emporium.
 15961 | Orc:1    | Found Naygrow's Distillery.
 15989 | Orc:1    | Reached **** piety under Kikubaaqudgha
 16054 | Orc:1    | Bought a potion of heal wounds for 65 gold pieces
 16119 | Orc:1    | You fall into a shaft and drop 1 floor!
 16119 | Orc:2    | Entered Level 2 of the Orcish Mines
 16280 | Orc:1    | Found Qipoef's Armour Shop.
 16286 | Orc:1    | Found Vaid's Book Shop.
 16312 | Orc:1    | Found a burning altar of Makhleb.
 16391 | Orc:1    | Learned a level 6 spell: Death Channel
 17421 | Lair:4   | Reached skill level 10 in Necromancy
 18001 | Lair:4   | Noticed an eight-headed hydra
 18011 | Lair:4   | Killed an eight-headed hydra
 18028 | Lair:4   | Noticed a death yak
 18273 | Lair:4   | Noticed a dire elephant
 18307 | Lair:4   | Noticed a death yak
 18308 | Lair:4   | Noticed a death yak
 18310 | Lair:4   | Noticed a death yak
 18310 | Lair:4   | Noticed a death yak
 18313 | Lair:4   | Killed a death yak
 18314 | Lair:4   | Reached XP level 13. HP: 57/57 MP: 15/27
 18331 | Lair:4   | Killed a dire elephant
 18332 | Lair:4   | Reached skill level 10 in Spellcasting
 18998 | Lair:4   | Learned a level 6 spell: Simulacrum
 18999 | Lair:5   | Entered Level 5 of the Lair of Beasts
 19086 | Lair:5   | Reached skill level 1 in Ice Magic
 19600 | Lair:5   | Reached XP level 14. HP: 43/61 MP: 4/30
 19691 | Lair:5   | Found a staircase to the Slime Pits.
 19691 | Lair:5   | Found a viscous altar of Jiyva.
 19731 | Lair:5   | Reached ***** piety under Kikubaaqudgha
 20628 | D:11     | Noticed Urug
 21367 | D:12     | Got Ycki's Parchment of Battling and the Map
 21376 | D:12     | Learned a level 5 spell: Iskenderun's Battlesphere
 21636 | D:12     | Reached skill level 5 in Conjurations
 21699 | D:12     | Noticed Frances
 22214 | Orc:2    | Found a staircase to the Elven Halls.
 22376 | Orc:2    | Found Nepn's Weapon Shoppe.
 22613 | Orc:2    | Found Qushriv's Assorted Antiques.
 23362 | Orc:2    | Found Coj Vaod's General Store.
 23362 | Orc:2    | Found Oskakin's Weapon Boutique.
 23369 | Orc:2    | Bought a scroll of identify for 26 gold pieces
 23369 | Orc:2    | Bought a scroll of identify for 26 gold pieces
 24012 | Orc:1    | Reached skill level 5 in Ice Magic
 24373 | D:13     | Found a gate to the Vaults.
 24701 | D:13     | Noticed Jorgrun
 24706 | D:13     | Quit the game

Illustrated notes

Levels and vault maps discovered:
D:1:      lightli_arrival_statue_moat, layout_basic, serial_shops, shop,
          shapermc_ecumenical_altar_ellora, minmay_pentomino_x4
D:2:      layout_loops_cross, uniq_robin
D:3:      layout_basic, dancing_weapons_uskayaw, okawaru_ov_weapons_minmay,
          gammafunk_temple_overflow_pools
D:4:      layout_cave_pools, lemuel_crystal_altar, mainiacjoe_overflow_catwalk,
          grunt_ministairs_14, st_stairs_6, minmay_manual_mares, uniq_duvessa
D:5:      layout_loops_ring, mainiacjoe_overflow_brackets,
          minmay_temple_entry_enclosed_plants, minmay_misc_feat_five
D:6:      layout_cave_pools, elyvilon_altar_5
D:7:      cheibrodos_statue_roulette, layout_rooms, ebering_ghost_disaster_area,
          uniq_maggie
D:8:      layout_basic, grunt_temple_overflow_growth_and_decay,
          trog_ov_bears_minmay, dreamdust_princess_corridor
D:9:      layout_cave_pools, lemuel_blue_sif_altar, amcnicky_altar_gilded,
          lair_entry_dummy, serial_shops, nicolae_shop_advertising_works
          [nicolae_subvault_shop_adworks], enter_bailey_2
D:10:     layout_roguey, yredelemnul_altar_generic, erik_orc_1, nrook_uturn
D:11:     layout_rooms, uniq_urug
D:12:     layout_roguey, uniq_frances
D:13:     layout_cave_pods, david_vaults_3, serial_bayou_lagoon_b, uniq_jorgrun
Temple:   hellmonk_temple_forest_ring
Lair:1:   layout_concentric_octagons
Lair:2:   layout_regular_city, wad_woods_road_01, chequers_serial_rivers_room_a,
          serial_bayou_shore_a, uniq_fannar, uniq_gastronok
Lair:3:   layout_chaotic_city, minmay_shoals_entry_hut,
          spider_nest_entry_web_field
Lair:4:   mu_elephants_graveyard, layout_long_grid, st_stairs_9
Lair:5:   grunt_lair_end_beastmaster, layout_layer_cave, slime_entry_1
Orc:1:    layout_diamond_mine, serial_shops, shop, shop, shop, shop_fountains,
          basic_altar, special_room [special_room_orc], mines2_david
Orc:2:    st_orc_town, layout_diamond_mine, basic_altar

Skill      XL: |  1  2  3  4  5  6  7  8  9 10 11 12 13 14 |
---------------+-------------------------------------------+-----
Stealth        | 3 10 12 | 12.9
Hexes          | 1 3 |  3.0
Dodging        | 3 7 8 10 11 12 | 12.1
Earth Magic    | 1 2 3 4 6 7 |  7.4
Spellcasting   | 3 4 5 6 7 9 11 | 11.9
Necromancy     | 5 6 7 8 10 12 | 12.1
Conjurations   | 1 3 4 5 |  5.8
Fighting       | 4 5 6 7 |  7.6
Transmutations | 2 4 5 |  5.7
Evocations     | 3 6 |  6.0
Unarmed Combat | 1 3 |  3.0
Ice Magic      | 2 6 |  6.8

Action                   |  1- 3 |  4- 6 |  7- 9 | 10-12 | 13-15 || total
-------------------------+-------+-------+-------+-------+-------++-------
Melee: Unarmed           |     9 |       |     2 |    43 |    96 ||   150
       Bite              |     2 |       |       |     7 |    14 ||    23
       Punch             |       |       |       |     2 |     2 ||     4
 Cast: Necrotise         |    98 |   154 |    62 |    64 |     2 ||   380
       Vampiric Draining |     1 |       |    16 |     3 |       ||    20
       Sandblast         |       |    30 |    43 |    98 |    86 ||   257
       Slow              |       |    18 |    53 |    16 |     2 ||    89
       Stone Arrow       |       |       |    56 |   287 |   138 ||   481
       Animate Dead      |       |       |     3 |    23 |    18 ||    44
       Petrify           |       |       |       |    30 |    62 ||    92
       Death Channel     |       |       |       |     1 |    20 ||    21
       Iskenderun's Batt |       |       |       |       |     3 ||     3
       Simulacrum        |       |       |       |       |     1 ||     1
Invok: Unearth Wretches  |       |       |       |     2 |     7 ||     9
       Torment           |       |       |       |       |     1 ||     1
Evoke: Wand              |       |     2 |    12 |     6 |       ||    20
  Use: Scroll            |     1 |     4 |     1 |     9 |    10 ||    25
       Potion            |       |       |     2 |     1 |     8 ||    11
 Stab: Paralysed         |       |       |       |     5 |     8 ||    13
       Petrified         |       |       |       |    31 |    33 ||    64
       Sleeping          |       |       |       |     1 |     1 ||     2
       Petrifying        |       |       |       |       |    12 ||    12
Armor: Skin              |       |       |     6 |    16 |     7 ||    29
Dodge: Dodged            |    12 |    62 |    64 |   159 |   205 ||   502
